 Dungeon Crawl Stone Soup version 0.17.1-3-g152610e (webtiles) character file.

2176 swiech the Grappler (level 9, -5/87 HPs)
             Began as a Troll Monk on Apr 20, 2016.
             Was an Elder of Okawaru.
             Slain by an unseen horror (8 damage)
             ... on level 6 of the Dungeon.
             The game lasted 00:22:35 (5506 turns).

swiech the Grappler (Troll Monk)                    Turns: 5506, Time: 00:22:35

Health: -5/87      AC:  6    Str: 30    XL:     9   Next: 11%
Magic:  8/8        EV: 12    Int:  6    God:    Okawaru [****..]
Gold:   283        SH:  0    Dex: 12    Spells: 0 memorised, 8 levels left

rFire  . . .     SeeInvis .       - Unarmed
rCold  . . .     Clarity  .     y - +0 robe {rN+}
rNeg   + . .     SustAt   .     (no shield)
rPois  .         Gourm    +     (helmet restricted)
rElec  .         Spirit   .     l - +0 cloak
rCorr  .         Warding  .     (gloves unavailable)
rMut   .         Stasis   .     (boots unavailable)
MR     .....                    (no amulet)
Stlth  +.........               (no ring)
                                E - +6 ring of strength

@: very slightly contaminated, hasted, very quick, not resistant to hostile
enchantments, very unstealthy
A: unfitting armour, claws 3, fast metabolism 3, gourmand, regeneration 2,
shaggy fur 1, tough skin 2
a: Heroism, Renounce Religion


You were on level 6 of the Dungeon.
You worshipped Okawaru.
Okawaru was greatly pleased with you.
You were completely stuffed.

You visited 2 branches of the dungeon, and saw 7 of its levels.
You also visited: Sewer.

You collected 283 gold pieces.

Inventory:

Armour
 l - a +0 cloak (worn)
 y - a +0 robe of positive energy (worn)
Jewellery
 E - a +6 ring of strength (left claw)
Wands
 s - a wand of frost (21)
 A - a wand of cold (2)
 B - a wand of fire (7)
 D - a wand of confusion (16)
Scrolls
 d - 5 scrolls of remove curse {unknown}
 e - 6 scrolls of identify {unknown}
 f - 3 scrolls of random uselessness {unknown}
 h - 2 scrolls of amnesia {unknown}
 i - 3 scrolls of recharging {unknown}
 j - 3 scrolls of blinking {unknown}
 m - 2 scrolls of magic mapping {unknown}
 o - a scroll of fear {unknown}
 p - 2 scrolls of fog {unknown}
 w - 2 scrolls of noise {unknown}
 z - a scroll of enchant weapon {unknown}
 C - a scroll of holy word {unknown}
Potions
 n - a potion of magic
 q - a potion of haste
 r - 2 potions of brilliance
 u - a potion of cure mutation
 G - a potion of curing
Books
 v - a book of Debilitation

   Spells                             Type                      Level
   a - Corona                         Hexes                        1
   b - Slow                           Hexes                        2
   c - Gell's Gravitas                Hexes/Translocation          3
   d - Inner Flame                    Hexes/Fire                   3
   e - Cause Fear                     Hexes                        4
   f - Leda's Liquefaction            Hexes/Earth                  4
 x - a book of Flames

   Spells                             Type                      Level
   a - Flame Tongue                   Conjuration/Fire             1
   b - Throw Flame                    Conjuration/Fire             2
   c - Conjure Flame                  Conjuration/Fire             3
   d - Inner Flame                    Hexes/Fire                   3
   e - Sticky Flame                   Conjuration/Fire             4
   f - Fireball                       Conjuration/Fire             5
 F - an Akashic Record

   Spells                             Type                      Level
   a - Dispersal                      Translocation                6
   b - Malign Gateway                 Summoning/Translocation      7
   c - Disjunction                    Translocation                8
   d - Controlled Blink               Translocation                8
Comestibles
 a - a chunk of flesh
 b - 9 bread rations
 c - 4 beef jerkies
 g - 7 fruits
 k - a royal jelly
 t - 2 meat rations


   Skills:
 + Level 4.8 Fighting
 + Level 5.6 Dodging
 - Level 1.4 Stealth
 * Level 9.9 Unarmed Combat


You had 8 spell levels left.
You didn't know any spells.

Dungeon Overview and Level Annotations

Branches:
Dungeon (6/15)             Temple (1/1) D:5

Altars:
Ashenzari
Cheibriados
Elyvilon
Gozag
Kikubaaqudgha
Makhleb
Nemelex Xobeh
Okawaru
Qazlal
Ru
Sif Muna
Trog
Vehumet
Xom
Yredelemnul
Zin
The Shining One


Innate Abilities, Weirdness & Mutations

You are too large for most types of armour.
You have claws for hands.
Your metabolism is lightning-fast.
You like to eat raw meat.
You heal very quickly.
You are covered in fur (AC +1).
You have very tough skin (AC +2).


Message History

a short sword; a chain mail; a giant club; a black bear corpse; an orc skeleton Something hits you.
You see here a falchion of slicing.
Something hits you!
* * * LOW HITPOINT WARNING * * *
Something hits you but does no damage. Something hits you.
* * * LOW HITPOINT WARNING * * *
Drink which item? (? for menu, Esc to quit)
You feel yourself speed up. Something hits you but does no damage.
You are very lightly contaminated with residual magic.
Something hits you!
* * * LOW HITPOINT WARNING * * *
Something hits you!
* * * LOW HITPOINT WARNING * * *
Something completely misses you.
Things that are here:
a +0 robe; a robe; a mace Something hits you!
You die...

#........###...###.## #.#
.....#...##.....##..### #.#
....##...#......[#....#####.#
....##...'.......#...#......#
..####...#......[#..#.##.####
#### #...##.....##..#.##.#
...###...###..)###....##.#
....##...# #######..####.#
.....#...####..[@...# #.#
.....'...##......#..####.#
.....#.!.##.....##.......#
....##...#).....##.#######
...###...)....####.# ####
#############.########
#...#.# #...........# #.....#
###...#####.####### ###.###
#.....# #...#.....


There were no monsters in sight!

Vanquished Creatures
  A gargoyle (D:6)
  Edmund (D:4)
  Duvessa (D:4)
  An orc warrior (D:6)
  A black bear (D:6)
  4 ogres
  4 phantoms
  A centaur (D:6)
  Blork the orc (D:4)
  Dowan (D:4)
  A crimson imp (D:6)
  A jelly (D:5)
  4 orc priests
  A giant frog skeleton (D:5)
  3 hounds
  2 worker ants
  A hound zombie (D:3)
  9 adders
  4 gnolls (D:2)
  2 adder skeletons (D:3)
  3 worms
  3 giant geckos (D:3)
  11 orcs
  2 ball pythons (Sewer)
  9 bats
  10 hobgoblins
  9 jackals
  9 kobolds
  A quokka (D:5)
  4 giant cockroaches
  3 giant gecko skeletons
  A giant gecko zombie (D:3)
  7 giant newts
  10 goblins
  A jackal skeleton (D:3)
  A quokka skeleton (D:5)
  3 rats
  5 plants (Sewer)
136 creatures vanquished.

Notes
Turn   | Place    | Note
--------------------------------------------------------------
     0 | D:1      | swiech the Troll Monk began the quest for the Orb.
     0 | D:1      | Reached XP level 1. HP: 22/22 MP: 0/0
   133 | D:1      | Reached XP level 2. HP: 29/29 MP: 1/1
   841 | D:2      | Reached XP level 3. HP: 36/36 MP: 2/2
  1138 | D:2      | Reached XP level 4. HP: 41/44 MP: 3/3
  1542 | D:3      | Reached skill level 5 in Unarmed Combat
  1786 | D:3      | Reached XP level 5. HP: 47/52 MP: 4/4
  2135 | D:5      | Entered Level 5 of the Dungeon
  2311 | D:5      | Found a glowing drain.
  2324 | Sewer    | Entered a sewer
  2498 | Sewer    | Reached XP level 6. HP: 56/61 MP: 5/5
  2737 | Sewer    | Reached skill level 6 in Unarmed Combat
  3283 | D:5      | Found a radiant altar of Vehumet.
  3286 | D:5      | Noticed a phantom
  3304 | D:5      | Killed a phantom
  3330 | D:5      | Found a staircase to the Ecumenical Temple.
  3336 | Temple   | Entered the Ecumenical Temple
  3344 | Temple   | Became a worshipper of Warmaster Okawaru
  3344 | Temple   | Reached * piety under Okawaru
  3344 | Temple   | Reached ** piety under Okawaru
  3479 | D:4      | Noticed Edmund
  3504 | D:4      | Noticed Duvessa
  3504 | D:4      | Noticed Dowan
  3517 | D:4      | Killed Edmund
  3561 | D:4      | Killed Dowan
  3561 | D:4      | Reached XP level 7. HP: 57/67 MP: 6/6
  3629 | D:4      | Noticed an ogre
  3635 | D:4      | Killed an ogre
  3635 | D:4      | Reached skill level 7 in Unarmed Combat
  3885 | D:4      | Killed Duvessa
  4162 | D:4      | Noticed Blork the orc
  4167 | D:4      | Killed Blork the orc
  4459 | D:5      | Noticed an ogre
  4466 | D:5      | Killed an ogre
  4466 | D:5      | Reached *** piety under Okawaru
  4466 | D:5      | Reached XP level 8. HP: 50/78 MP: 7/7
  4520 | D:5      | Reached skill level 8 in Unarmed Combat
  4578 | D:5      | Noticed an ogre
  4585 | D:5      | Killed an ogre
  4888 | D:6      | Reached skill level 5 in Dodging
  4922 | D:6      | Found Larawuecvea's Magic Scroll Emporium.
  5162 | D:5      | Reached skill level 9 in Unarmed Combat
  5263 | D:6      | Noticed a gargoyle
  5274 | D:6      | Killed a gargoyle
  5312 | D:6      | Reached XP level 9. HP: 21/85 MP: 8/8
  5347 | D:6      | Reached **** piety under Okawaru
  5504 | D:6      | HP: 3/87 [something (7)]
  5506 | D:6      | Slain by an unseen horror

Action                   |  1- 3 |  4- 6 |  7- 9 || total
-------------------------+-------+-------+-------++-------
Melee: Unarmed           |    92 |   255 |   124 ||   471
  Use: Potion            |     2 |     6 |     1 ||     9
 Stab: Sleeping          |     1 |     5 |       ||     6
       Distracted        |       |     1 |       ||     1
  Eat: Chunk             |    15 |    19 |    24 ||    58
